Map: New Williamsberg

Players

wdenkosw

  • Race: Zerg Zerg
  • League: Platinum
  • Spawn Location: 0:00

uxdan

  • Race: Terran Terran
  • Spawn Location: 12:00

Clickman

  • Race: Protoss Protoss
  • Spawn Location: 3:00

JohnMcClane - Winner!

  • Race: Protoss Protoss
  • League: Silver
  • Spawn Location: 0:00

JackONeill - Winner!

  • Race: Zerg Zerg
  • Spawn Location: 9:00

Hindulaatti - Winner!

  • Race: Zerg Zerg
  • League: Diamond
  • Spawn Location: 6:00

VOD

Have the link to the VOD?

Description

Time

  • Played on: Jan. 19, 2016, 1:25 p.m.
  • Length: 12:22
Show
View Real Time Build Order
Export as new Build Order

wdenkosw Zerg 

Build Orders: Hatch First 

Get SALT Encoding   

  12  0:02  Drone  
  13  0:14  Overlord  
  13  0:18  Drone  
  14  0:32  Drone x2  
  16  0:37  Drone  
  17  0:56  Drone  
  18  1:00  Hatchery  
  18  1:01  Drone  
  18  1:13  Spawning Pool  
  18  1:15  Extractor  
  18  1:17  Drone  
  17  1:21  Drone  
  18  1:31  Drone  
  19  1:40  Overlord  
  19  2:00  Zergling x2  
  20  2:03  Zergling x2  
  21  2:11  Overlord  
  21  2:14  Metabolic Boost  
  21  2:17  Zergling x2  
  21  2:18  Queen  
  21  2:19  Queen  
  26  2:24  Zergling x4  
  28  2:33  Drone  
  28  2:37  Drone  
  30  2:44  Drone  
  30  2:50  Zergling x2  
  27  3:06  Drone x2  
  27  3:10  Drone x2  
  31  3:24  Zergling x4  
  32  3:30  Drone  
  33  3:36  Zergling x4  
  33  3:37  Overlord  
  33  3:38  Overlord  
  35  3:54  Spore Crawler  
  32  3:56  Queen  
  32  3:58  Spore Crawler  
  28  4:07  Zergling x8  
  31  4:19  Spore Crawler  
  31  4:20  Drone x5  
  31  4:21  Drone  
  37  4:29  Drone  
  38  4:41  Extractor x2  
  38  4:44  Drone x2  
  38  4:52  Drone x3  
  41  5:02  Queen  
  39  5:36  Zergling x2  
  39  5:38  Queen  
  42  5:45  Overlord  
  42  5:49  Hatchery, Extractor  
  34  5:50  Extractor  
  32  6:12  Zergling x8  
  32  6:13  Zergling x2, Queen  
  34  6:45  Zergling x4  
  34  6:46  Zergling x14  
  43  6:49  Overlord  
  43  7:06  Roach Warren  
  36  7:56  Hatchery  
  35  8:04  Zergling x8  
  35  8:05  Zergling x16  
  47  8:19  Drone x2  
  49  8:26  Drone x3  
  50  8:39  Lair  
  49  9:15  Queen  
  51  9:17  Queen  
  51  9:23  Drone  
  55  9:24  Drone x4  
  56  9:46  Drone  
  56  9:48  Overlord x3  
  57  9:55  Spire  
  57  9:56  Spire  
  55  10:03  Drone  
  55  10:04  Drone  
  57  10:07  Drone  
  57  10:08  Drone x3  
  37  10:37  Spawning Pool  
  37  10:38  Drone  
  37  10:39  Drone x5  
  42  10:43  Drone  
  42  10:44  Drone x4  
  42  10:46  Drone  
  48  11:08  Mutalisk  
  48  11:10  Overseer  
  50  11:11  Mutalisk x3  
  50  11:12  Mutalisk  
  58  11:23  Mutalisk x6  
  59  11:26  Mutalisk  
  59  11:29  Mutalisk  
  54  11:35  Mutalisk  
  50  11:45  Mutalisk  
  51  11:48  Mutalisk  
Show
View Real Time Build Order
Export as new Build Order

uxdan Terran 

Build Orders: Reaper Expand, MMM Bio 

Get SALT Encoding   

  12  0:01  SCV  
  13  0:13  SCV  
  14  0:17  Supply Depot  
  14  0:26  Refinery  
  14  0:28  SCV  
  15  0:42  Barracks  
  15  0:45  SCV  
  16  0:58  SCV  
  17  1:11  SCV  
  18  1:23  SCV  
  19  1:32  Command Center  
  19  1:36  Reaper  
  20  1:46  Orbital Command  
  20  2:04  Factory  
  20  2:11  Refinery  
  20  2:14  SCV  
  21  2:21  Barracks Reactor  
  21  2:26  SCV  
  22  2:33  Supply Depot  
  22  2:38  SCV  
  22  2:44  Orbital Command  
  23  2:50  Barracks  
  23  3:07  Barracks Tech Lab  
  23  3:08  Hellion  
  23  3:09  Hellion  
  26  3:13  SCV  
  27  3:25  SCV  
  28  3:28  Marine, Stimpack  
  28  3:30  Hellion x2  
  28  3:33  Supply Depot  
  33  3:36  SCV  
  33  3:41  Barracks Reactor  
  34  3:45  Starport  
  34  3:48  SCV  
  34  3:52  Marauder  
  37  4:17  Marine x3  
  40  4:42  Medivac, Marine x2  
  40  4:45  SCV  
  45  4:51  Engineering Bay  
  45  4:53  Supply Depot, Engineering Bay  
  45  4:57  SCV  
  46  5:05  Hellion x2  
  50  5:08  Barracks x2  
  50  5:09  SCV  
  51  5:15  Supply Depot  
  51  5:18  Starport Reactor  
  51  5:21  SCV  
  51  5:28  Combat Shields  
  52  5:33  SCV  
  52  5:35  Marine x2  
  53  5:36  Marauder  
  53  5:37  Widow Mine x2  
  61  5:53  Supply Depot, Marine x2  
  61  5:54  Supply Depot  
  61  5:57  Supply Depot  
  63  5:58  Marauder, Supply Depot  
  63  6:01  Supply Depot  
  65  6:14  Marine x2  
  67  6:20  Marine  
  68  6:31  Marine  
  69  6:35  Marine  
  69  6:38  Marine  
  71  6:40  Barracks Reactor  
  71  6:41  Barracks Reactor  
  71  6:49  Marine  
  70  7:00  Medivac x2  
  66  7:04  SCV  
  67  7:10  Terran Infantry Armor Level 1, Terran Infantry Weapons Level 1  
  67  7:14  Missile Turret  
  67  7:17  SCV  
  67  7:18  Missile Turret  
  68  7:26  Marine x2  
  68  7:27  Marine x2  
  68  7:28  Marine x2  
  68  7:29  Marauder, SCV  
  77  7:40  Medivac x2, Armory  
  77  7:41  SCV  
  73  7:52  SCV  
  73  7:53  SCV  
  75  7:59  Marine x7  
  75  8:04  SCV  
  75  8:05  SCV  
  78  8:16  Marine, SCV  
  78  8:17  Marine x2, SCV  
  74  8:23  Marine  
  74  8:24  Marine x2  
  74  8:26  Medivac x2  
  78  8:28  SCV  
  78  8:29  SCV  
  78  8:33  Barracks  
  80  8:34  Barracks  
  80  8:36  Barracks  
  80  8:38  Barracks  
  80  8:39  Barracks  
  80  8:40  SCV, Barracks  
  81  8:45  Marine x3  
  81  8:46  Marine x3  
  87  9:02  Marine  
  88  9:03  Marine x4  
  88  9:04  Marine  
  88  9:05  Marine  
  94  9:19  Marine  
  94  9:21  Marine x4  
  94  9:22  Marine x2  
  94  9:23  Barracks Reactor  
  94  9:24  Barracks Reactor  
  92  9:45  Marine, Barracks Reactor  
  84  9:46  Barracks Reactor x3  
  84  9:48  Marine x4  
  84  9:49  Marine x2  
  84  9:52  Medivac x2  
  94  10:02  Supply Depot  
  94  10:03  Supply Depot, Marine x4  
  94  10:05  Supply Depot  
  94  10:06  Marine x5  
  103  10:28  Command Center  
  103  10:42  Marine x6  
  107  10:43  Marine  
  101  11:13  Marine x5  
  103  11:30  Marine x2  
  103  11:31  Marine x3  
  109  11:41  Missile Turret  
Show
View Real Time Build Order
Export as new Build Order

Clickman Protoss 

Build Orders:  

Get SALT Encoding   

  12  0:11  Probe (Chrono Boost)  
  13  0:19  Pylon  
  13  0:22  Probe (Chrono Boost)  
  14  0:32  Probe (Chrono Boost)  
  15  0:40  Gateway  
  15  0:43  Probe (Chrono Boost)  
  16  0:53  Gateway  
  16  0:58  Assimilator  
  16  1:08  Assimilator  
  16  1:22  Probe (Chrono Boost)  
  17  1:30  Cybernetics Core  
  17  1:39  Pylon  
  17  1:41  Probe (Chrono Boost)  
  18  1:52  Probe (Chrono Boost)  
  19  2:02  Probe (Chrono Boost)  
  19  2:06  Warp Gate (Chrono Boost)  
  20  2:13  Mothership Core (Chrono Boost)  
  22  2:27  Pylon  
  22  2:29  Pylon  
  22  2:46  Adept (Chrono Boost)  
  22  2:48  Adept (Chrono Boost)  
  26  3:00  Gateway  
  26  3:03  Gateway  
  26  3:21  Robotics Facility  
  26  3:29  Stargate  
  26  3:37  Probe  
  27  4:05  Stalker  
  27  4:07  Stalker x2  
  35  4:48  Void Ray (Chrono Boost)  
  35  4:51  Protoss Air Weapons Level 1  
  29  5:08  Stalker  
  29  5:09  Stalker x2  
  29  5:10  Nexus  
  33  5:26  Stalker  
  35  5:36  Probe  
  32  6:06  Fleet Beacon  
  32  6:11  Adept x2  
  32  6:12  Adept  
  32  6:13  Stalker  
  32  6:33  Stalker  
  32  6:34  Stalker  
  36  6:53  Stalker x2  
  40  7:02  Probe  
  40  7:05  Probe  
  45  7:18  Phoenix (Chrono Boost)  
  44  7:24  Stargate  
  38  7:41  Stargate  
  40  7:58  Phoenix (Chrono Boost)  
  40  8:09  Assimilator  
  40  8:11  Assimilator  
  40  8:35  Probe  
  41  8:45  Probe  
  48  8:54  Carrier (Chrono Boost)  
  48  8:56  Probe  
  49  9:06  Probe  
  49  9:08  Phoenix (Chrono Boost)  
  52  9:17  Probe  
  57  9:27  Void Ray (Chrono Boost)  
  55  10:09  Phoenix (Chrono Boost)  
  61  10:35  Carrier (Chrono Boost)  
  61  10:43  Probe  
  62  11:18  Pylon  
  62  11:20  Pylon  
  62  11:21  Pylon  
  62  11:24  Pylon  
Show
View Real Time Build Order
Export as new Build Order

JohnMcClane Protoss - Winner!

Build Orders:  

Get SALT Encoding   

  12  0:13  Probe (Chrono Boost)  
  13  0:23  Probe (Chrono Boost)  
  13  0:25  Pylon  
  14  0:34  Probe (Chrono Boost)  
  15  0:41  Assimilator  
  15  0:45  Gateway  
  15  0:48  Probe (Chrono Boost)  
  16  0:58  Probe (Chrono Boost)  
  17  1:09  Assimilator  
  17  1:14  Probe (Chrono Boost)  
  18  1:24  Probe (Chrono Boost)  
  19  1:26  Pylon  
  19  1:33  Cybernetics Core  
  19  1:35  Probe (Chrono Boost)  
  20  1:45  Probe (Chrono Boost)  
  21  1:49  Pylon  
  21  1:56  Probe (Chrono Boost)  
  22  2:13  Stargate  
  22  2:15  Mothership Core (Chrono Boost)  
  24  2:18  Warp Gate (Chrono Boost)  
  24  2:23  Gateway  
  24  2:34  Probe  
  25  2:48  Gateway  
  25  2:59  Void Ray (Chrono Boost)  
  29  3:10  Probe  
  30  3:18  Pylon  
  30  3:34  Pylon  
  30  3:40  Void Ray (Chrono Boost)  
  34  3:57  Nexus  
  34  4:00  Pylon  
  38  4:17  Void Ray (Chrono Boost), Pylon  
  38  4:38  Forge  
  38  4:48  Gateway  
  34  5:23  Probe  
  34  5:25  Probe  
  36  5:29  Photon Cannon x2  
  36  5:34  Probe  
  36  5:36  Void Ray (Chrono Boost)  
  36  5:37  Probe  
  42  5:44  Probe  
  42  5:49  Probe  
  44  5:55  Probe  
  44  5:57  Assimilator, Protoss Ground Weapons Level 1  
  45  6:01  Probe  
  45  6:03  Twilight Council  
  46  6:05  Probe  
  46  6:08  Assimilator  
  47  6:48  Blink (Chrono Boost), Stalker x3  
  47  6:49  Stalker  
  54  7:02  Probe  
  54  7:03  Probe  
  56  7:14  Nexus  
  56  7:15  Probe  
  57  7:16  Pylon  
  57  7:17  Void Ray (Chrono Boost), Probe  
  62  7:25  Forge  
  62  7:30  Photon Cannon  
  62  7:39  Stalker  
  62  7:43  Probe  
  64  7:44  Probe  
  66  7:54  Probe  
  66  7:56  Protoss Ground Weapons Level 2 (Chrono Boost), Probe  
  68  8:03  Protoss Ground Armor Level 1 (Chrono Boost)  
  68  8:04  Probe  
  69  8:27  Probe  
  69  8:28  Probe  
  69  8:30  Pylon  
  69  8:33  Probe  
  71  8:36  Stalker  
  71  8:37  Stalker x3  
  71  8:38  Probe  
  81  8:43  Pylon  
  81  8:51  Gateway  
  81  8:56  Photon Cannon  
  81  8:58  Probe  
  82  9:11  Templar Archives  
  82  9:15  Assimilator  
  82  9:22  Pylon  
  82  9:25  Stalker x3  
  88  9:33  Probe (Chrono Boost)  
  89  9:40  Assimilator  
  89  9:44  Photon Cannon  
  89  9:52  Stalker x2  
  89  9:53  Stalker x3  
  89  9:56  Protoss Ground Armor Level 2  
  99  10:32  Stalker x3  
  105  10:46  Stalker  
  105  10:47  Stalker  
  105  10:48  Psionic Storm  
  109  11:00  Gateway  
  109  11:01  Gateway  
  109  11:07  High Templar x3  
  115  11:31  Nexus  
  115  11:34  Photon Cannon  
  115  11:35  Photon Cannon  
  115  11:36  Photon Cannon  
  115  11:44  Pylon  
  115  11:46  Pylon  
  115  11:53  Gateway  
  115  11:54  Gateway  
  115  11:58  Pylon  
  115  12:09  Robotics Facility  
Show
View Real Time Build Order
Export as new Build Order

JackONeill Zerg - Winner!

Build Orders: 3 Hatch before Pool 

Get SALT Encoding   

  12  0:01  Drone  
  13  0:08  Drone  
  14  0:17  Overlord  
  14  0:27  Extractor  
  13  0:28  Drone  
  13  0:29  Drone, Extractor  
  16  0:40  Drone  
  17  0:45  Drone  
  18  1:01  Drone  
  19  1:06  Hatchery  
  18  1:28  Hatchery  
  17  1:35  Spawning Pool  
  17  1:37  Drone  
  17  1:39  Drone  
  18  1:43  Drone  
  19  1:48  Extractor  
  19  1:49  Drone  
  19  2:01  Overlord  
  19  2:12  Drone  
  20  2:20  Drone x2  
  22  2:22  Queen  
  22  2:24  Queen  
  26  2:32  Drone x2  
  28  2:43  Baneling Nest  
  27  2:44  Zergling x4  
  27  2:50  Zergling x4  
  31  2:56  Spine Crawler  
  30  3:12  Zergling x12  
  36  3:16  Metabolic Boost  
  36  3:25  Drone x3  
  39  3:29  Drone  
  40  3:43  Drone x2  
  40  3:44  Overlord  
  42  4:00  Lair  
  42  4:01  Overlord x2  
  42  4:04  Spore Crawler  
  42  4:05  Drone x2  
  42  4:06  Drone  
  44  4:19  Overlord x2, Extractor  
  44  4:21  Drone x2  
  44  4:24  Drone  
  46  4:28  Drone x2  
  48  4:32  Drone  
  48  4:33  Drone  
  50  4:40  Queen  
  50  4:44  Drone x3  
  55  4:49  Extractor  
  55  4:50  Drone x2, Extractor  
  55  4:58  Evolution Chamber  
  54  5:04  Spire  
  54  5:06  Drone x2  
  55  5:07  Drone  
  55  5:09  Drone  
  57  5:15  Drone x3  
  57  5:17  Drone  
  61  5:23  Queen  
  61  5:25  Drone  
  61  5:26  Drone  
  65  5:30  Drone x2  
  65  5:33  Drone x2  
  69  5:36  Overlord  
  69  5:41  Drone x2  
  71  5:55  Extractor  
  71  5:56  Drone x3, Extractor  
  72  5:57  Drone x3  
  72  6:00  Drone x2, Spore Crawler  
  72  6:01  Drone  
  72  6:21  Mutalisk x3  
  72  6:22  Mutalisk x3  
  72  6:25  Zerg Flyer Weapons Level 1  
  83  6:43  Mutalisk x3  
  83  6:45  Zergling x2  
  83  6:46  Overlord x2  
  83  6:47  Overlord x2  
  90  6:57  Overlord x3  
  90  6:59  Overlord  
  90  7:05  Mutalisk x2  
  94  7:16  Mutalisk x3  
  94  7:18  Overlord  
  100  7:34  Mutalisk  
  100  7:35  Mutalisk x2  
  99  7:57  Corruptor x4  
  102  8:01  Zergling x12  
  108  8:06  Spore Crawler  
  107  8:14  Baneling x2  
  107  8:15  Overlord  
  107  8:16  Overlord  
  107  8:19  Zergling x4  
  110  8:20  Zergling x8  
  110  8:23  Zerg Flyer Armor Level 1  
  113  8:33  Corruptor  
  113  8:34  Corruptor x2  
  113  8:37  Overlord  
  119  8:43  Zerg Ground Armor Level 1  
  119  8:44  Infestation Pit  
  118  8:48  Drone x2  
  118  8:49  Drone x2  
  122  9:00  Overlord  
  122  9:01  Overlord  
  122  9:04  Baneling  
  122  9:05  Baneling x6  
  122  9:06  Baneling x5  
  122  9:11  Drone x4  
  114  9:40  Hatchery  
  100  9:50  Zergling x12  
  100  9:51  Zergling x12  
  100  9:52  Zergling x2  
  113  10:03  Zergling x2  
  113  10:04  Zergling x8  
  110  10:31  Corruptor x5  
  110  10:32  Corruptor x3  
  126  10:43  Centrifical Hooks  
  126  10:52  Zergling x2  
  126  10:53  Zergling x12  
  126  10:54  Zergling x4  
  126  10:56  Drone  
  118  11:08  Corruptor  
  118  11:09  Corruptor x2  
  120  11:24  Overlord x3  
Show
View Real Time Build Order
Export as new Build Order

Hindulaatti Zerg - Winner!

Build Orders: Pool First, Lurkers 

Get SALT Encoding   

  12  0:01  Drone  
  13  0:12  Drone  
  14  0:15  Extractor  
  14  0:17  Drone  
  15  0:31  Spawning Pool  
  14  0:36  Extractor  
  14  0:37  Drone  
  14  0:44  Overlord  
  14  1:02  Drone x3  
  17  1:14  Drone  
  17  1:18  Queen  
  20  1:41  Hatchery  
  20  1:46  Metabolic Boost  
  19  1:49  Zergling x2  
  19  1:53  Zergling x2  
  21  1:57  Zergling x2  
  22  2:08  Overlord  
  22  2:25  Queen  
  22  2:27  Zergling x2  
  22  2:28  Zergling x8  
  29  2:36  Overlord  
  29  2:49  Drone  
  30  2:55  Queen  
  30  2:57  Overlord  
  31  3:09  Drone x3  
  31  3:10  Drone  
  35  3:20  Drone x2  
  37  3:27  Drone x2  
  39  3:38  Baneling Nest  
  39  3:40  Extractor  
  37  4:12  Drone x5  
  37  4:13  Drone x2  
  37  4:15  Lair  
  44  4:18  Drone x6, Extractor  
  49  4:25  Drone x2  
  51  4:37  Roach Warren  
  50  4:46  Drone x2  
  52  4:59  Baneling  
  52  5:06  Baneling  
  52  5:13  Overlord x3, Centrifical Hooks  
  52  5:18  Overlord  
  52  5:25  Hatchery  
  51  5:31  Glial Reconstitution  
  51  5:39  Extractor  
  49  5:51  Baneling x2  
  49  5:52  Baneling x2  
  49  5:55  Roach x8  
  49  5:56  Roach x4  
  73  6:04  Drone x3  
  76  6:16  Roach  
  76  6:17  Roach x3  
  84  6:23  Overlord  
  84  6:25  Overseer  
  84  6:36  Hydralisk Den  
  84  6:37  Baneling  
  83  6:53  Drone x2  
  85  6:58  Pneumatized Carapace  
  85  7:00  Tunneling Claws, Burrow  
  84  7:03  Drone  
  84  7:04  Drone x11  
  95  7:08  Overlord  
  95  7:25  Drone x2  
  95  7:27  Spine Crawler  
  95  7:28  Spine Crawler  
  95  7:29  Spine Crawler  
  94  7:34  Lurker Den  
  94  7:42  Drone x6  
  94  7:43  Drone x3  
  102  7:52  Spine Crawler  
  102  7:53  Spore Crawler  
  102  7:56  Spine Crawler  
  99  8:04  Hydralisk  
  99  8:05  Hydralisk x2, Extractor  
  77  8:22  Zergling x22  
  77  8:24  Evolution Chamber  
  81  8:35  Extractor  
  80  8:57  Baneling  
  80  8:58  Baneling x7  
  80  9:00  Roach  
  80  9:01  Roach x9  
  100  9:05  Zerg Missile Weapons Level 1  
  100  9:10  Evolution Chamber  
  100  9:11  Hatchery  
  99  9:17  Lurker  
  98  9:49  Hydralisk x3, Muscular Augments, Baneling x2  
  98  9:51  Overlord x4  
  98  9:52  Overlord x6  
  104  9:55  Lurker  
  105  10:21  Hydralisk x3, Lurker  
  105  10:22  Hydralisk x6  
  105  10:23  Hydralisk x2  
  105  10:26  Lurker  
  129  10:30  Overseer  
  129  10:34  Queen  
  131  10:42  Baneling x2  
  131  10:44  Extractor  
  131  10:46  Extractor  
  131  10:49  Hatchery  
  128  10:52  Lurker  
  129  10:58  Baneling x2  
  129  11:01  Hydralisk  
  129  11:02  Hydralisk x6  
  143  11:04  Hydralisk x3  
  143  11:05  Hydralisk x2  
  143  11:08  Zergling x8  
  143  11:09  Roach x10  
  143  11:31  Baneling x4  
  156  12:02  Lurker  
  156  12:03  Lurker  
Tags
 
Add a new tag
Caveats
  • Supply blocks, unpowered buildings, or Contaminate may cause inaccurate times.
  • Supply counts are checked every 10 seconds.